[Event "Live Chess"]
[Site "Chess.com"]
[Date "2023.05.21"]
[Round "-"]
[White "McSlash1"]
[Black "Tech_Titan"]
[Result "1-0"]
[WhiteElo "1996"]
[BlackElo "935"]
[TimeControl "300"]
[EndTime "3:07:47 PDT"]
[Termination "McSlash1 won by resignation"]

1. e4 e5 2. Nf3 Nf6 3. Nxe5 Nxe4 4. Qe2 Qe7 5. Qxe4 d6 6. d4 dxe5 7. dxe5 Nc6 8. f4 Qh4+ 9. g3 Qe7 10. Bb5 f6 11. Nc3 fxe5 12. Qxe5 a6 13. Bxc6+ bxc6 14. Qxe7+ Bxe7 15. Be3 O-O 16. O-O-O Re8 17. Rhe1 Bg4 18. Rd2 Bb4 19. Bf2 Bxc3 20. bxc3 Rxe1+ 21. Bxe1 Re8 22. Bf2 Kf7 23. Bd4 g6 24. c4 Re1+ 25. Kb2 Be6 26.
Kc3 Ke7 27. c5 Bd5 28. a4 Ke6 29. Be5 Ra1 30. Kb4 Rb1+ 31. Ka3 Kd7 32. c4 Rc1 33. cxd5 Rxc5 34. dxc6+ Kxc6 35. Kb3 Kb6 36. Bd4 1-0

[Event "Live Chess"]
[Site "Chess.com"]
[Date "2023.05.21"]
[Round "-"]
[White "CarlsenCab"]
[Black "BJAW87"]
[Result "0-1"]
[WhiteElo "519"]
[BlackElo "1438"]
[TimeControl "300"]
[EndTime "3:08:05 PDT"]
[Termination "BJAW87 won by resignation"]

1. d4 Nf6 2. Nf3 g6 3. Bf4 Bg7 4. e3 O-O 5. Bd3 d6 6. c3 Nbd7 7. O-O c5 8. dxc5 Nxc5 9. h3 Nxd3 10. Qxd3 b6 11. Nbd2 Bb7 12. Nc4 Nd5 13. a4 Nxf4 14. exf4 Rc8 15. Ra3 Ba6 16. Qd5 Bxc4 17. Qd4 Bxd4 18.
cxd4 Bxf1 19. Kxf1 Rc1+ 20. Ke2 Rc2+ 0-1

[Event "Live Chess"]
[Site "Chess.com"]
[Date "2023.05.21"]
[Round "-"]
[White "seasidecastle27"]
[Black "Ferrarifan27"]
[Result "1/2-1/2"]
[WhiteElo "1904"]
[BlackElo "2105"]
[TimeControl "300"]
[EndTime "3:08:13 PDT"]
[Termination "Game drawn by repetition"]

1. d4 Nf6 2. Nf3 e6 3. Bg5 d5 4. e3 Be7 5. Bd3 Nc6 6. c3 Bd7 7. Nbd2 O-O 8. Ne5 Nxe5 9. dxe5 Ne8 10. h4 h6 11. Qg4 hxg5 12. hxg5 Bxg5 13. Bh7+ Kh8 14.
Bc2+ Bh6 15. Nf3 f5 16. exf6 Nxf6 17. Qg6 Qe8 18. Rxh6+ gxh6 19. Qxh6+ Kg8 20. Qg5+ Kh8 21. Qh6+ Kg8 22. Qg5+ Kh8 23. Qh6+ 1/2-1/2

[Event "Live Chess"]
[Site "Chess.com"]
[Date "2023.05.21"]
[Round "-"]
[White "JohanKjeldahl"]
[Black "LiamBellwood"]
[Result "1-0"]
[WhiteElo "1894"]
[BlackElo "1946"]
[TimeControl "300"]
[EndTime "3:08:17 PDT"]
[Termination "JohanKjeldahl won by resignation"]

1. c4 e6 2. Nc3 f5 3. d4 Nf6 4. g3 Be7 5. Bg2 O-O 6. b3 d6 7. Bb2 c6 8. e4 e5 9. dxe5 dxe5 10.
exf5 Bxf5 11. Nf3 Nbd7 12. O-O Bg4 13. Qc2 Qe8 14. h3 Bh5 15. Rae1 Bc5 16. Ne4 Bb6 17. c5 Bc7 18. Nd6 Bxd6 19. cxd6 Nd5 20. Nxe5 Nxe5 21.
Rxe5 Qf7 22. Bxd5 cxd5 23. Re7 Bg6 24. Qc7 1-0

[Event "Live Chess"]
[Site "Chess.com"]
[Date "2023.05.21"]
[Round "-"]
[White "Brooms1989"]
[Black "raminguy"]
[Result "0-1"]
[WhiteElo "1124"]
[BlackElo "1956"]
[TimeControl "300"]
[EndTime "3:08:32 PDT"]
[Termination "raminguy won by resignation"]

1. e4 e5 2. Nc3 Nc6 3. f4 Nf6 4. fxe5 Nxe5 5. Nf3 Nxf3+ 6. Qxf3 Bb4 7. Bc4 O-O 8. O-O d6 9. d4 Bg4 10. Qg3 Bxc3 11. bxc3 Bh5 12. Bh6 Bg6 13. Bg5 Nxe4 14. Bxd8 Nxg3 15. hxg3 Raxd8 16. Rfe1 Rfe8 17. Bd3 Re6 18.
Rxe6 fxe6 19. Re1 Re8 20. Rf1 e5 21. Bxg6 hxg6 22. Re1 e4 23. Kf2 d5 24. Ke3 Rf8 25.
Ke2 Rf6 26. Rf1 Rxf1 27. Kxf1 Kf7 28. Ke2 Kf6 29. Ke3 Kf5 30. a4 Kg4 31. Kf2 b6 32. c4 c6 33. cxd5 cxd5 34. c3 Kf5 35. Ke3 g5 36. Kf2 g4 37. Ke3 g5 38. Kf2 Ke6 39.
Ke3 Kd6 40. Kd2 a6 41. Ke3 b5 42. axb5 axb5 43. Kd2 Kc6 44. Ke3 Kb6 45. Kd2 Ka5 46. Kc2 Ka4 47. Kd2 Kb3 48. Kc1 Kxc3 49. Kd1 Kxd4 0-1

[Event "Live Chess"]
[Site "Chess.com"]
[Date "2023.05.21"]
[Round "-"]
[White "Davidagye"]
[Black "Crowded_House"]
[Result "1-0"]
[WhiteElo "1676"]
[BlackElo "1642"]
[TimeControl "300"]
[EndTime "3:08:53 PDT"]
[Termination "Davidagye won by checkmate"]

1. e4 e6 2. d4 d5 3. Nc3 Bb4 4. e5 c5 5. a3 Bxc3+ 6. bxc3 Qb6 7. Qg4 g6 8. Be3 Ne7 9. dxc5 Qb2 10. Rd1 Qxc3+ 11. Bd2 Qxe5+ 12. Ne2 h5 13. Qf3 Nf5 14. Bc3 d4 15. Rxd4 Nxd4 16. Bxd4 Qc7 17. Bxh8 Qxc5 18. Nc3 Qxa3 19. Bb5+ Nd7 20. O-O a6 21. Bxd7+ Bxd7 22. Qxb7 Rc8 23. Rd1 Qe7 24. Bf6 Qxf6 25. Qxd7+ Kf8 26.
Qxc8+ Kg7 27. Qc4 e5 28. Nd5 Qd6 29. Qc3 f6 30. Ne3 Qb6 31. Rd7+ Kh6 32. h4 Qb5 33.
Qd2 g5 34. Nf5+ Kg6 35. Qd3 Qb1+ 36. Kh2 Qc1 37. Ng3+ f5 38. Qxf5+ Kh6 39. Rh7# 1-0

[Event "Live Chess"]
[Site "Chess.com"]
[Date "2023.05.21"]
[Round "-"]
[White "stevochess11"]
[Black "whitedjohn"]
[Result "1-0"]
[WhiteElo "1723"]
[BlackElo "1649"]
[TimeControl "300"]
[EndTime "3:09:01 PDT"]
[Termination "stevochess11 won on time"]

1. d4 Nf6 2. Nf3 c5 3. e3 cxd4 4. exd4 d5 5. Bd3 Bg4 6. c4 e6 7.
cxd5 Nxd5 8. Nc3 Qa5 9. Qa4+ Qxa4 10. Nxa4 Bxf3 11. gxf3 Nc6 12. Be3 Bb4+ 13. Kf1 O-O 14. Rg1 g6 15. Bh6 Rfc8 16. a3 Be7 17. Rc1 Nxd4 18.
Rxc8+ Rxc8 19. Kg2 b5 20. Be3 Bf6 21. Bxd4 Bxd4 22.
Bxb5 Rb8 23. Bc6 Bxb2 24. Nxb2 Rxb2 25. Bxd5 exd5 26. Rd1 Rb5 27. Kg3 Ra5 28. Rd3 f5 29. Kf4 Kf7 30. Ke5 d4+ 31. Kxd4 Ke6 32. Re3+ Kd6 33.
Rc3 Ra4+ 34. Ke3 Rh4 35. Rd3+ Kc6 36. Rc3+ Kb5 37. Rc7 a5 38. Rb7+ Ka4 39. Ra7 Rxh2 40. f4 Rh3+ 41. f3 Kxa3 42. Rxa5+ Kb4 43. Ra1 Rh2 44. Kd4 Rd2+ 45. Ke3 Rd7 46. Rb1+ Kc3 47. Rc1+ Kb2 48. Rc8 Rg7 49. Kd2 h5 50. Rb8+ Ka3 51.
Kc3 Ka4 52. Kc4 Ka5 53. Kd5 Rh7 54. Rg8 Rh6 55. Kc5 Ka6 56. Rb8 Ka7 57. Rb2 h4 58.
Kc6 h3 59. Kc7 Ka6 60. Kc6 Ka5 61. Kc5 Ka4 62. Kc4 Ka3 63. Rh2 Rh4 64. Kd5 Kb4 65.
Ke5 Kc4 66. Rc2+ Kd3 67. Rh2 Ke3 68. Kf6 Kxf3 69. Kxg6 Kg3 70. Rh1 h2 71. Kxf5 Kg2 72.
Kg5 Kxh1 73. Kxh4 Kg2 74. f5 h1=Q+ 75. Kg5 Qh8 76. f6 Qg8+ 77. Kf5 Kf3 78. Ke5 Qf7 79.
Kf5 Kg3 80. Kg5 Kf3 81. Kf5 Qh5+ 82. Ke6 1-0

[Event "Live Chess"]
[Site "Chess.com"]
[Date "2023.05.21"]
[Round "-"]
[White "NatashaRegan"]
[Black "WilliamofOrange16th"]
[Result "0-1"]
[WhiteElo "1714"]
[BlackElo "1866"]
[TimeControl "300"]
[EndTime "3:09:05 PDT"]
[Termination "WilliamofOrange16th won on time"]

1. e4 d6 2. d4 Nf6 3. Nc3 Nbd7 4.
Be3 e5 5. Qd2 Be7 6. h3 O-O 7.
Nf3 c6 8. O-O-O Qc7 9. Nh4 exd4 10. Bxd4 Nc5 11. Nf5 Bxf5 12. exf5 Nce4 13. Qf4 Nxc3 14.
Bxc3 Rad8 15. Bc4 b5 16. Bb3 a5 17. a4 b4 18. Bd4 h6 19. g4 Nd5 20. Bxd5 Bg5 21.
Qxg5 hxg5 22. Bf3 f6 23. h4 d5 24. Kb1 Qf4 25. Rd3 Rfe8 26. hxg5 Qxg5 27. Be3 Rxe3 28.
Rxe3 Kf7 29. Re6 Qf4 30. Bd1 Rd6 31. Rxd6 Qxd6 32. Re1 Qf4 33. Re6 c5 34. Be2 c4 35.
b3 Qd4 36. bxc4 dxc4 37. Rc6 c3 38. Bc4+ Ke7 39. Re6+ Kd7 40. Bb3 Qd1+ 41. Ka2 Qxg4 42.
Ra6 Qxf5 43. Ra7+ Kc6 44. Ra6+ Kb7 45. Rd6 Qxf2 46. Bd5+ Kc7 47. Rc6+ Kd7 48. Kb3 Qd4 49. Bc4 f5 50. Ra6 Qc5 51. Bb5+ Ke7 52. Rxa5 Qd5+ 53.
Bc4 Qxa5 0-1

[Event "Live Chess"]
[Site "Chess.com"]
[Date "2023.05.21"]
[Round "-"]
[White "MarkLim1"]
[Black "nigelst"]
[Result "0-1"]
[WhiteElo "1699"]
[BlackElo "1714"]
[TimeControl "300"]
[EndTime "3:09:05 PDT"]
[Termination "nigelst won by resignation"]

1. d4 Nf6 2. Nf3 e6 3. e3 c5 4. Bd3 Nc6 5. c4 d6 6. O-O Be7 7. Nc3 e5 8. d5 Nb4 9. e4 Nxd3 10. Qxd3 Bg4 11. Nd2 O-O 12. f4 exf4 13. Rxf4 Bd7 14.
Nf1 Ng4 15. h3 Ne5 16. Qe2 Bg5 17. Rf2 Bxc1 18. Rxc1 Qg5 19. Re1 Bxh3 20. Nh2 Bd7 21. Nf3 Nxf3+ 22. Qxf3 f5 23. Ref1 f4 24. Re2 Bg4 0-1

[Event "Live Chess"]
[Site "Chess.com"]
[Date "2023.05.21"]
[Round "-"]
[White "DoYouLikeCurry"]
[Black "maxmlynek"]
[Result "0-1"]
[WhiteElo "1392"]
[BlackElo "1911"]
[TimeControl "300"]
[EndTime "3:09:10 PDT"]
[Termination "maxmlynek won on time"]

1. e4 c6 2. d4 d5 3. Nc3 dxe4 4. Nxe4 Bf5 5. Ng3 Bg6 6. h4 h6 7. Nf3 Nf6 8. Bf4 Nbd7 9. Bd3 Bxd3 10. Qxd3 e6 11. O-O-O a5 12. Kb1 a4 13. Ne4 Nxe4 14.
Qxe4 Nf6 15. Qd3 Qb6 16. a3 Nd5 17. Be5 O-O-O 18. Rhe1 Be7 19. Bxg7 Rhg8 20. Be5 Rxg2 21. Bg3 Bd6 22. Bxd6 Rxd6 23. Qh7 Rxf2 24. Qg8+ Rd8 25. Qxf7 Nc3+ 26. Kc1 Nxd1 27. Rxd1 Kb8 28. Qh5 Qa6 29.
Ne5 Qe2 30. Qxe2 Rxe2 31. Ng6 Re4 32. c3 Rg4 33. h5 Rg5 34. Rh1 Rdd5 35. Nf4 Rd6 36. Re1 c5 37. Nxe6 Rxh5 38. Nxc5 b6 39. Nxa4 Ra5 40. Re8+ Kc7 41. b3 Rh5 42. Kc2 Rh2+ 43.
Kd3 h5 44. Rh8 h4 45. Kc4 h3 46. Kb5 Rh1 47. Ka6 h2 48. b4 Ra1 49. Rxh2 Rxa3 50.
Kb5 Rg6 51. d5 Rd6 52. Rd2 Rb3 53. c4 Kb7 54. c5 bxc5 55. Nxc5+ Kc7 56. Nxb3 Rb6+ 57.
Kc5 Rh6 58. b5 Rh3 59. d6+ Kd7 60. Na5 Rc3+ 61. Kb6 Ra3 62. Nc4 Rc3 63. Kb7 Rxc4 64. b6 Rb4 65. Ka7 Kc6 66. d7 Ra4+ 67. Kb8 Rg4 68. d8=Q Kb5 69. Qc8 Rg6 0-1

[Event "Live Chess"]
[Site "Chess.com"]
[Date "2023.05.21"]
[Round "-"]
[White "YrrriKharkiv"]
[Black "RichardABates"]
[Result "0-1"]
[WhiteElo "2063"]
[BlackElo "2097"]
[TimeControl "300"]
[EndTime "3:09:11 PDT"]
[Termination "RichardABates won on time"]

1. d4 Nf6 2. Bg5 Ne4 3. Bh4 c5 4. f3 g5 5. fxe4 gxh4 6. Nf3 cxd4 7. Qxd4 Rg8 8. Nc3 Nc6 9. Qd2 e6 10. e3 Qb6 11. O-O-O Bh6 12. Re1 Bg7 13. Nxh4 Nb4 14. Kb1 d5 15. exd5 Nxd5 16. Kc1 Nxc3 17. bxc3 Qa5 18.
Qd6 Bxc3 19. Rd1 Be5 20. Qd3 Rg4 21. Nf3 Bc3 22. Qb5+ Qxb5 23. Bxb5+ Ke7 24. g3 Rb4 25. Be2 Bd7 26. Rd3 Rc8 27. Rhd1 Ba4 28. Rxc3 Rxc3 29.
Bd3 f5 30. Nd4 Kf6 31. Rf1 Bd7 32. g4 Rc5 33. gxf5 exf5 34. Nb3 Re5 35. e4 a5 36. Nd2 Bb5 37. exf5 Bxd3 38. cxd3 Rc5+ 39. Kd1 Rc6 40. Ne4+ Ke5 41. f6 Rb1+ 42. Ke2 Rc2+ 0-1

[Event "Live Chess"]
[Site "Chess.com"]
[Date "2023.05.21"]
[Round "-"]
[White "HoarseyHorsey"]
[Black "worldchessleaguelive"]
[Result "1-0"]
[WhiteElo "1445"]
[BlackElo "1366"]
[TimeControl "300"]
[EndTime "3:09:33 PDT"]
[Termination "HoarseyHorsey won on time"]

1. d4 d5 2. c4 dxc4 3. e4 e6 4. Bxc4 Nf6 5. Nc3 Be7 6. Nf3 O-O 7. O-O a6 8. Re1 b5 9. Bb3 Bb7 10. e5 Nd5 11. Bd2 Nxc3 12. Bxc3 c5 13. dxc5 Bxc5 14. Nd4 Nc6 15. Nxc6 Bxc6 16. Rc1 Qxd1 17. Rexd1 Rfd8 18. Be1 Rxd1 19. Bxd1 Rd8 20. Bg4 Rd5 21. Bc3 Be8 22. Bf3 Rd8 23. h3 Bd4 24. Bxd4 Rxd4 25. Rc8 Kf8 26.
Bc6 Rd1+ 27. Kh2 f6 28. exf6 gxf6 29. Bxe8 Ke7 30. Bh5 Rd2 31. Rc7+ Kd6 32. Rxh7 Rxb2 33. f3 Rxa2 34. Rh6 b4 35. Rxf6 b3 36. Bf7 b2 37.
Bxe6 Ra1 38. Bf5+ Ke5 39. Rb6 Kxf5 40. Rxb2 a5 41. h4 a4 42. g4+ Kf4 43. h5 Kxf3 44. g5 Re1 45. g6 Re8 46. Kh3 Re1 47. Kh4 Rh1+ 48. Kg5 Rg1+ 49. Kh6 Rg4 50. g7 Kg3 51. Kh7 Kh4 52. Rh2+ Kg3 53. Ra2 Kh4 54. h6 1-0

[Event "Live Chess"]
[Site "Chess.com"]
[Date "2023.05.21"]
[Round "-"]
[White "sebmoran1"]
[Black "WelshTiger"]
[Result "0-1"]
[WhiteElo "1380"]
[BlackElo "2348"]
[TimeControl "300"]
[EndTime "3:09:34 PDT"]
[Termination "WelshTiger won by checkmate"]

1. d4 d5 2. c4 e6 3. Nc3 c5 4.
Nf3 Nc6 5. cxd5 exd5 6. dxc5 Nf6 7. g3 Bxc5 8. Bg2 O-O 9. O-O a6 10. Bg5 d4 11. Ne4 Be7 12. Nxf6+ Bxf6 13. Bxf6 Qxf6 14.
Nd2 Bf5 15. Nb3 Rad8 16. Nc5 Qe7 17. Nb3 Be4 18. Bxe4 Qxe4 19. Qd3 Qe7 20. Rfd1 Rfe8 21. Kf1 Qd6 22. e3 Qd5 23. Kg1 Qh5 24. exd4 Ne5 25.
Qc3 Nf3+ 26. Kg2 Ng5 27. h4 Ne4 28. Qf3 Qb5 29. Re1 f5 30. g4 fxg4 31. Qxg4 Nf6 32. Rxe8+ Rxe8 33. Qf4 Nh5 34. Qg4 Qd5+ 35. Qf3 Nf4+ 36.
Kg3 Nh5+ 37. Kg2 Qb5 38. Nc5 Qxb2 39. Qxh5 Rf8 40. Rf1 Qxd4 41. Rd1 Qf6 42. Qd5+ Kh8 43. Nd7 Qxf2+ 44. Kh3 Rf3+ 45. Kg4 Rg3+ 46. Kh5 g6+ 47. Kh6 Qf4+ 48. Qg5 Rxg5 49. hxg5 Qh4# 0-1

[Event "Live Chess"]
[Site "Chess.com"]
[Date "2023.05.21"]
[Round "-"]
[White "PetorPrydatko"]
[Black "domrobson"]
[Result "0-1"]
[WhiteElo "354"]
[BlackElo "1715"]
[TimeControl "300"]
[EndTime "3:10:05 PDT"]
[Termination "domrobson won by checkmate"]

1. d4 Nf6 2. c3 d5 3. e4 Nxe4 4. f3 Nf6 5. Bb5+ c6 6. Ba4 b5 7. Bb3 Bf5 8. Ne2 e6 9. O-O c5 10. Bf4 Nc6 11. Ng3 Bg6 12. Nd2 cxd4 13. cxd4 Nxd4 14.
Nge4 Nxe4 15. fxe4 Bc5 16. exd5 Nxb3+ 17. Kh1 Nxa1 18.
Qxa1 O-O 19. Nb3 Qxd5 20. Rd1 Qf5 21. Rc1 Qxf4 22. Rg1 Bxg1 23. Qxg1 Rac8 24. g3 Be4+ 25. Qg2 Rc1+ 26. Nxc1 Qxc1# 0-1

[Event "Live Chess"]
[Site "Chess.com"]
[Date "2023.05.21"]
[Round "-"]
[White "Duke_of_Bebington"]
[Black "jagbama"]
[Result "1-0"]
[WhiteElo "1588"]
[BlackElo "1162"]
[TimeControl "300"]
[EndTime "3:10:07 PDT"]
[Termination "Duke_of_Bebington won on time"]

1. e4 e5 2. Nf3 Nc6 3. Bc4 Bc5 4. b4 Bd4 5. c3 Bb6 6. b5 Na5 7. Bb3 Nf6 8. Nxe5 Nxb3 9. Qxb3 O-O 10. d3 d5 11.
exd5 Re8 12. d4 Qxd5 13. Qxd5 Nxd5 14. O-O Bf5 15. a4 a5 16. Bb2 f6 17. Nc4 c6 18.
Nba3 c5 19. Nd6 Bg6 20. Nxe8 Rxe8 21. Rfe1 cxd4 22. Rxe8+ Bxe8 23. cxd4 Nf4 24. Re1 Bf7 25. Re3 g5 26. Nc2 Kg7 27. Re7 Kg6 28. Rxb7 Bd8 29. Rd7 Bb6 30. Ne3 Bb3 31. Rd6 Bc7 32. Rc6 Bd8 33.
b6 Bxb6 34. Rxb6 1-0

[Event "Live Chess"]
[Site "Chess.com"]
[Date "2023.05.21"]
[Round "-"]
[White "Shepherds_Pie"]
[Black "Purple1szed"]
[Result "1-0"]
[WhiteElo "1951"]
[BlackElo "1823"]
[TimeControl "300"]
[EndTime "3:10:12 PDT"]
[Termination "Shepherds_Pie won by resignation"]

1. c4 e5 2. Nc3 Nf6 3. Nf3 Nc6 4. e3 e4 5. Ng5 b5 6. cxb5 Nb4 7. Ngxe4 Bb7 8.
Nxf6+ Qxf6 9. a3 Nd5 10. Nxd5 Bxd5 11. Qc2 Bd6 12. e4 Qe6 13. d3 O-O 14. Be2 Bb3 15. Qc3 Be5 16. d4 Bf6 17. O-O c6 18. e5 Be7 19. bxc6 dxc6 20. f4 Rab8 21. f5 Qd7 22.
f6 Bd8 23. Qg3 Qxd4+ 24. Be3 1-0

[Event "Live Chess"]
[Site "Chess.com"]
[Date "2023.05.21"]
[Round "-"]
[White "ranvir123"]
[Black "Vitalii18a"]
[Result "1-0"]
[WhiteElo "962"]
[BlackElo "1115"]
[TimeControl "300"]
[EndTime "3:10:15 PDT"]
[Termination "ranvir123 won by checkmate"]

1. e4 e5 2. Nf3 d6 3. d4 exd4 4. Nxd4 Be7 5. Nc3 Nf6 6. Bg5 O-O 7. Bc4 h6 8. Bh4 g5 9. Bg3 Be6 10. Bxe6 fxe6 11. Nxe6 Qe8 12. Nxc7 Qd7 13. Nxa8 Nc6 14. e5 Nxe5 15. Bxe5 Rxa8 16. Bxf6 Bxf6 17. O-O Rc8 18. Nd5 Be5 19. f4 gxf4 20. Rxf4 Bxf4 21. Nf6+ Kf7 22.
Nxd7 Ke7 23. Qd4 Bg5 24. Qg7+ Kd8 25. Rf1 Rxc2 26. Rf8+ Kc7 27. Nc5+ Kc6 28. Qd7+ Kxc5 29. Rc8+ Kd5 30. Rxc2 b6 31. Qxa7 b5 32. Qf2 Ke5 33. Re2+ Kd5 34. Qf5+ Kc6 35. g3 d5 36. h4 Bc1 37. Rc2+ Kd6 38. Rxc1 h5 39. Qg5 b4 40. Qxh5 b3 41. Qd1 bxa2 42. Ra1 d4 43. Rxa2 Ke5 44.
Qd3 Kd5 45. b3 Kc5 46. b4+ Kxb4 47. Qxd4+ Kb3 48. Re2 Ka3 49. h5 Kb3 50. h6 Ka3 51. h7 Kb3 52. h8=Q Ka3 53. Qa8+ Kb3 54. Re3+ Kc2 55.
Qd3+ Kb2 56. Qb7+ Kc1 57. Qc6+ Kb2 58. Qdb5+ Ka2 59. Qca6# 1-0

[Event "Live Chess"]
[Site "Chess.com"]
[Date "2023.05.21"]
[Round "-"]
[White "RoaringKnights"]
[Black "Ian-Morley"]
[Result "1-0"]
[WhiteElo "1049"]
[BlackElo "1060"]
[TimeControl "300"]
[EndTime "3:10:15 PDT"]
[Termination "RoaringKnights won by resignation"]

1. e4 e5 2. Nf3 Nc6 3. Bc4 Nf6 4.
d3 d5 5. exd5 Na5 6. Bb3 Nxb3 7.
axb3 Nxd5 8. Nxe5 Qe7 9. Qe2 f6 10. Nf3 Qxe2+ 11. Kxe2 Bg4 12. Re1 Bxf3+ 13. Kxf3+ Kd7 14.
c4 Nb4 15. Na3 Nc6 16. Bf4 Bxa3 17. bxa3 Rae8 18. Rxe8 Rxe8 19. Ra2 Ne5+ 20. Bxe5 fxe5 21. Ke4 c6 22. Re2 Kd6 23. Kf3 g6 24. d4 e4+ 25.
Rxe4 Rf8+ 26. Ke3 h6 27. Rg4 g5 28. h4 gxh4 29. Rxh4 Rf6 30. c5+ Kd5 31. Rh5+ Ke6 32. Re5+ Kf7 33. d5 cxd5 34. Rxd5 Re6+ 35. Kd2 Kg6 36.
f4 h5 37. f5+ Kf6 38. fxe6 Kxe6 39. Rxh5 1-0

[Event "Live Chess"]
[Site "Chess.com"]
[Date "2023.05.21"]
[Round "-"]
[White "LiamClery2020"]
[Black "Tiltador"]
[Result "1-0"]
[WhiteElo "1993"]
[BlackElo "845"]
[TimeControl "300"]
[EndTime "3:10:16 PDT"]
[Termination "LiamClery2020 won by checkmate"]

1. e4 e5 2. Nc3 d6 3. d4 f6 4. dxe5 fxe5 5. Nf3 Nc6 6. Bb5 Bd7 7. O-O Nf6 8. Re1 g6 9. Bg5 Bg7 10. Bc4 a6 11. Nd5 b5 12. Bb3 O-O 13. Nxf6+ Kh8 14. Nxh7 Qc8 15. Nxf8 Bxf8 16. Qd5 Be6 17. Qxe6 Qxe6 18.
Bxe6 Nd4 19. Nxd4 exd4 20. e5 Bg7 21. exd6 cxd6 22. Rad1 Be5 23. f4 Bg7 24. Rd3 b4 25. Rh3+ Bh6 26. Rxh6+ Kg7 27. Bd5 Rb8 28. Re7+ Kf8 29.
Rh8# 1-0

[Event "Live Chess"]
[Site "Chess.com"]
[Date "2023.05.21"]
[Round "-"]
[White "RockTroll"]
[Black "McSlash1"]
[Result "0-1"]
[WhiteElo "2215"]
[BlackElo "2009"]
[TimeControl "300"]
[EndTime "3:10:18 PDT"]
[Termination "McSlash1 won by resignation"]

1. Nf3 c5 2. g3 d6 3. Bg2 g6 4. O-O Bg7 5. d3 Nc6 6. e4 Nf6 7. c3 O-O 8. Re1 Nd7 9. a4 Nde5 10. Nxe5 Nxe5 11. h3 Nc6 12. Na3 f5 13. exf5 Bxf5 14. Nc4 e5 15. a5 Qf6 16. a6 Bc8 17. axb7 Bxb7 18. Be3 Rab8 19. Na5 Nxa5 20. Rxa5 Bxg2 21. Kxg2 Rxb2 22. Re2 Qf3+ 23. Kh2 Rxe2 24. Qg1 Qxe3 0-1

[Event "Live Chess"]
[Site "Chess.com"]
[Date "2023.05.21"]
[Round "-"]
[White "f4nomore"]
[Black "MMmaaxxxx"]
[Result "0-1"]
[WhiteElo "1406"]
[BlackElo "2032"]
[TimeControl "300"]
[EndTime "3:10:21 PDT"]
[Termination "MMmaaxxxx won on time"]

1. e3 d5 2. f4 Nc6 3. Nf3 Bg4 4. Be2 Bxf3 5. Bxf3 e5 6. fxe5 Nxe5 7. O-O Nf6 8. Be2 Bd6 9. d4 Ng6 10. Nc3 O-O 11.
a3 Re8 12. Bf3 c6 13. g3 Qc7 14. Qd2 a6 15. Qg2 Re7 16. Bd2 Rae8 17. Rae1 Ne4 18. Nxe4 dxe4 19. Bg4 Nf8 20. Bh5 g6 21. Bg4 f5 22. Bh3 Ne6 23. c3 Ng5 24. Bxf5 gxf5 25. Rxf5 Nf3+ 26. Kh1 Nxd2 27. Qxd2 c5 28. Qe2 cxd4 29.
cxd4 b5 30. Qg4+ Rg7 31. Qh4 Qe7 32. Qh3 Qe6 33. Ref1 Rf7 34. Qg4+ Rg7 35. Qh5 Qg6 36. Qxg6 Rxg6 37. Rd5 Rf8 38. Rc1 Rgf6 39. Rc6 Rf1+ 40. Kg2 R8f2+ 41. Kh3 Bf8 42. Rg5+ Kf7 43. Rc7+ Kf6 44.
Rh5 Rh1 45. Rc6+ Kf7 46. Rxh7+ Kg8 47. Rh4 Rfxh2+ 48. Kg4 Rxh4+ 49. gxh4 Rg1+ 50. Kh5 Rg3 51. Rxa6 Rxe3 52. Rb6 Rb3 53. d5 Rxb2 54. Rg6+ Kf7 55. d6 Rh2 56. d7 Be7 57. Rg4 e3 0-1

[Event "Live Chess"]
[Site "Chess.com"]
[Date "2023.05.21"]
[Round "-"]
[White "manthanit"]
[Black "Berdgross"]
[Result "1-0"]
[WhiteElo "1082"]
[BlackElo "662"]
[TimeControl "300"]
[EndTime "3:10:42 PDT"]
[Termination "manthanit won by checkmate"]

1. e4 e5 2. Nf3 d6 3. h3 Nf6 4.
Nc3 Nc6 5. d4 exd4 6. Nxd4 Bd7 7.
Bd3 Nxd4 8. O-O d5 9. Re1 dxe4 10. Nxe4 Nxe4 11. Bxe4 Ne6 12. Bxb7 Rb8 13. Bd5 c6 14. Bc4 Bb4 15. c3 Bc5 16. Bd3 O-O 17. Qh5 g6 18. Qh6 Qf6 19. Bg5 Qxf2+ 20. Kh1 Nxg5 21. Qxg5 f6 22. Qh6 Qg3 23. Rf1 f5 24. Rf3 Qd6 25. b4 Bb6 26. Re1 Rfe8 27. Bc4+ Kh8 28. Rxe8+ Rxe8 29. Rf4 Re1+ 30. Rf1 Rxf1+ 31. Bxf1 Qd1 32. Qf8# 1-0

[Event "Live Chess"]
[Site "Chess.com"]
[Date "2023.05.21"]
[Round "-"]
[White "Greenbecker"]
[Black "sanjesh_ananda"]
[Result "1-0"]
[WhiteElo "1648"]
[BlackElo "1320"]
[TimeControl "300"]
[EndTime "3:10:43 PDT"]
[Termination "Greenbecker won by resignation"]

1. e4 e5 2. Nf3 Nc6 3. Bb5 Nf6 4. O-O a6 5. Ba4 b5 6. Bb3 Bc5 7. d3 O-O 8. Bg5 h6 9. Bh4 Be7 10. Nc3 d6 11. d4 exd4 12. Nxd4 Ne5 13. f4 Neg4 14. Re1 Ne8 15. Nc6 Qd7 16. Nxe7+ Kh8 17. Nxc8 Rxc8 18. e5 Qf5 19. Bg3 dxe5 20. fxe5 h5 21. Rf1 Qg6 22. Qf3 f6 23. Qf5 Qh6 24.
Qxc8 1-0

[Event "Live Chess"]
[Site "Chess.com"]
[Date "2023.05.21"]
[Round "-"]
[White "Tushinskiy"]
[Black "lateforthesky"]
[Result "1-0"]
[WhiteElo "2182"]
[BlackElo "2112"]
[TimeControl "300"]
[EndTime "3:10:48 PDT"]
[Termination "Tushinskiy won by resignation"]

1. d4 Nf6 2. c3 g6 3. Nf3 Bg7 4. Bf4 d6 5. Bg3 O-O 6. Nbd2 c5 7. e3 Nc6 8. Bd3 cxd4 9. exd4 Nh5 10. O-O Nxg3 11. hxg3 e5 12. d5 Ne7 13. c4 f5 14.
Bc2 b6 15. Rb1 g5 16. Nxg5 Nxd5 17. Nxh7 Kxh7 18. cxd5 Qg5 19. g4 Kg8 20. gxf5 Bxf5 21.
Bxf5 Rxf5 22. g3 Raf8 23. Ne4 Qh6 24. Qg4 Kh8 25. Kg2 Rf4 26. gxf4 Rxf4 27. Qc8+ 1-0

[Event "Live Chess"]
[Site "Chess.com"]
[Date "2023.05.21"]
[Round "-"]
[White "apl_trainer"]
[Black "KeithArkell"]
[Result "0-1"]
[WhiteElo "1768"]
[BlackElo "2495"]
[TimeControl "300"]
[EndTime "3:11:42 PDT"]
[Termination "KeithArkell won by resignation"]

1. d4 c5 2. d5 e5 3. c4 d6 4. Nc3 Be7 5. Nf3 f5 6. e4 Nf6 7. Bd3 fxe4 8. Nxe4 Nxe4 9. Bxe4 Nd7 10. Qc2 Nf6 11. Bf5 O-O 12. Bxc8 Rxc8 13. Ng5 Qd7 14.
Ne6 Rf7 15. O-O b5 16. b3 h6 17. a4 bxc4 18. bxc4 Nh7 19. Rb1 Nf8 20. Qe4 Nxe6 21. dxe6 Qxe6 22. Rb7 Bf6 23. Be3 Rcf8 24. Rfb1 Bg5 25.
Bxg5 hxg5 26. Rxf7 Qxf7 27. f3 Qf5 28. Qd5+ Kh7 29. Rb7 Rf6 30. Qe4 Qxe4 31. fxe4 Rf4 32. Rxa7 Rxe4 33. Rd7 Rxc4 34. a5 Ra4 35. Rxd6 Rxa5 36.
Rd5 e4 37. Kf2 Ra2+ 38. Kg3 Rc2 39. Rxg5 c4 40. Re5 Re2 41. Rc5 Rc2 42. Re5 c3 43. Rxe4 Rd2 44. Rc4 c2 45. Kf3 Kg6 46.
Rc6+ Kf5 47. Rc5+ Ke6 48. Rc6+ Kd5 49. Rc8 Kd4 50. h4 Rd3+ 51. Kf2 Rc3 52. Rd8+ Ke5 0-1

[Event "Live Chess"]
[Site "Chess.com"]
[Date "2023.05.21"]
[Round "-"]
[White "JanMur7"]
[Black "SupremeTactician"]
[Result "0-1"]
[WhiteElo "1962"]
[BlackElo "2231"]
[TimeControl "300"]
[EndTime "3:11:47 PDT"]
[Termination "SupremeTactician won by checkmate"]

1. e4 e5 2. Nf3 Nc6 3. Nc3 Bc5 4. Nxe5 Nxe5 5. d4 Bd6 6. dxe5 Bxe5 7. Bc4 c6 8. f4 Bxc3+ 9. bxc3 Ne7 10. Qd6 O-O 11. Ba3 Re8 12. O-O Ng6 13. f5 Ne5 14. Be2 b6 15. f6 Re6 16. Qd4 gxf6 17. Bc4 c5 18. Qe3 Nxc4 19. Qg3+ Kf8 20. e5 Nxa3 21. exf6 Rxf6 22.
Rxf6 Qxf6 23. Rf1 Qg6 24. Qf3 Rb8 25. Qf4 d6 26. Qa4 Bb7 27. Rf2 Nb1 28. Qxa7 Re8 29. Qxb7 Nxc3 30. Rf1 Ne2+ 31. Kh1 Qh5 32. Rb1 Qh4 33.
Qxb6 Ng3+ 34. Kg1 Qd4# 0-1

[Event "Live Chess"]
[Site "Chess.com"]
[Date "2023.05.21"]
[Round "-"]
[White "Vitalii18a"]
[Black "LiamClery2020"]
[Result "0-1"]
[WhiteElo "1115"]
[BlackElo "1993"]
[TimeControl "300"]
[EndTime "3:11:48 PDT"]
[Termination "LiamClery2020 won by resignation"]

1. e4 Nf6 2. Bd3 e5 3. c3 d5 4. exd5 Qxd5 5. Bc2 Qxg2 6. Qf3 Qxf3 7. Nxf3 Nc6 8. d4 exd4 9. cxd4 Bg4 10. Ne5 Nxd4 11.
Be3 Nxc2+ 0-1